 Dungeon Crawl Stone Soup version 0.19.5 (webtiles) character file.

534 QuCean the Covered (level 7, 0/60 HPs)
             Began as a Minotaur Fighter on May 2, 2017.
             Slain by QuCean's ghost (4 damage)
             ... on level 4 of the Dungeon.
             The game lasted 00:19:38 (3560 turns).

QuCean the Covered (Minotaur Fighter)               Turns: 3560, Time: 00:19:39

Health: 0/60       AC: 11    Str: 22    XL:     7   Next: 4%
Magic:  6/6        EV:  9    Int:  5    God:
Gold:   132        SH: 10    Dex: 10    Spells: 0 memorised, 6 levels left

rFire  + . .     SeeInvis .     a - +0 flail
rCold  + . .     Gourm    .     x - +0 scale mail
rNeg   . . .     Faith    .     c - +0 shield
rPois  .         Spirit   .     (helmet restricted)
rElec  .         Reflect  .     v - +0 cloak
rCorr  .         Harm     .     h - +0 pair of gloves
MR     .....                    I - +0 pair of boots
Stlth  ..........               (no amulet)
                                B - ring of protection from fire
                                n - ring of protection from cold

@: no status effects
A: retaliatory headbutt, horns 2
a: no special abilities


You were on level 4 of the Dungeon.
You were not hungry.

You visited 1 branch of the dungeon, and saw 4 of its levels.

You collected 132 gold pieces.

Inventory:

Hand Weapons
 a - a +0 flail (weapon)
 p - a +0 flail
 y - a +0 dagger
 z - a +0 short sword
 A - a +0 flail
 G - a +0 mace
 H - a +2 trident of piercing
 J - a +0 giant spiked club
Armour
 b - a +0 scale mail
 c - a +0 shield (worn)
 h - a +0 pair of gloves (worn)
 v - a +0 cloak (worn)
 x - a +0 scale mail (worn)
 I - a +0 pair of boots (worn)
Jewellery
 n - a ring of protection from cold (left hand)
 B - a ring of protection from fire (right hand)
Wands
 C - a wand of paralysis (8/24)
Scrolls
 l - 2 scrolls of fear
 o - 2 scrolls of remove curse
 q - a scroll of blinking
 r - a scroll of fog {unknown}
 s - a scroll of random uselessness {unknown}
 t - a scroll of enchant armour {unknown}
 E - 2 scrolls of identify
Potions
 d - a potion of might
 e - 3 potions of flight {unknown}
 g - 2 potions of brilliance {unknown}
 j - 2 potions of cancellation {unknown}
 m - a potion of mutation {unknown}
 u - 3 potions of agility {unknown}
 F - a potion of ambrosia {unknown}
Books
 w - a book of Necromancy

   Spells                             Type                      Level
   a - Pain                           Necromancy                   1
   b - Animate Skeleton               Necromancy                   1
   c - Vampiric Draining              Necromancy                   3
   d - Regeneration                   Charms/Necromancy            3
   e - Animate Dead                   Necromancy                   4
   f - Control Undead                 Necromancy                   4
Comestibles
 f - 3 bread rations
 i - a slice of pizza
 k - 2 meat rations


   Skills:
 + Level 4.6 Fighting
 + Level 5.5 Maces & Flails
 + Level 5.7 Armour
 + Level 2.2 Dodging
 + Level 0.1 Stealth
 + Level 5.5 Shields


You had 6 spell levels left.
You didn't know any spells.

Dungeon Overview and Level Annotations

Branches:
Dungeon (4/15)
 Temple: D:4-7

Altars:

Shops:
D:4 *

Annotations:
D:4 QuCean's ghost, amateur TrMo


Innate Abilities, Weirdness & Mutations

You reflexively headbutt those who attack you in melee.
You have a pair of horns on your head.


Message History

* * * LOW HITPOINT WARNING * * *
You barely miss QuCean's ghost.
QuCean's ghost is severely damaged.
QuCean's ghost hits you!
* * * LOW HITPOINT WARNING * * *
You closely miss QuCean's ghost.
QuCean's ghost is severely damaged.
You block QuCean's ghost's attack.
QuCean's ghost hits you but does no damage.
You barely miss QuCean's ghost.
QuCean's ghost is severely damaged.
QuCean's ghost says, "What's the hurry?
You'll die anyway."
QuCean's ghost barely misses you.
You hit QuCean's ghost.
QuCean's ghost is severely damaged.
You block QuCean's ghost's attack.
You barely miss QuCean's ghost. Your headbutt misses QuCean's ghost.
QuCean's ghost is severely damaged.
QuCean's ghost hits you.
You die...

#........#.....
#...#........#.....
'...#........#.....
#...#.....)..#..... ..
#...#........#..... ...
#...#........#..... ....
#...#........#...##
....##.W.##......####'##
.......@..#......#......
..........#......#......
..........#...)[.#......
..........'......#....##
..........#......#....##
..........#......#######
....##...##............#
.... ############(.....#
... #......#


You could see QuCean's ghost.

Vanquished Creatures
  Duvessa (D:4)
  An ogre (D:4)
  Dowan (D:4)
  A hound (D:3)
  3 orc wizards (D:4)
  Terence (D:3)
  6 adders
  3 gnolls (D:2)
  4 worms
  A dart slug (D:1)
  8 orcs
  A ball python (D:1)
  7 bats
  A giant cockroach (D:4)
  4 goblins
  7 hobgoblins
  6 kobolds
  3 quokkas
  3 frilled lizards
  A leopard gecko skeleton (D:4)
  5 rats
  A plant (D:3)
69 creatures vanquished.

Notes
Turn   | Place    | Note
-------+----------+-------------------------------------------
     0 | D:1      | QuCean the Minotaur Fighter began the quest for the Orb.
     0 | D:1      | Reached XP level 1. HP: 19/19 MP: 0/0
   103 | D:1      | Reached XP level 2. HP: 27/27 MP: 1/1
   587 | D:1      | Reached XP level 3. HP: 27/33 MP: 2/2
  1373 | D:2      | Reached XP level 4. HP: 40/40 MP: 3/3
  1778 | D:3      | Noticed Terence
  1800 | D:3      | Killed Terence
  1909 | D:3      | Reached XP level 5. HP: 43/46 MP: 4/4
  1910 | D:3      | Reached skill level 1 in Dodging
  2084 | D:4      | Noticed Duvessa
  2092 | D:4      | Noticed Dowan
  2109 | D:4      | Killed Duvessa
  2109 | D:4      | Reached skill level 5 in Armour
  2109 | D:4      | Reached skill level 5 in Shields
  2128 | D:3      | Reached XP level 6. HP: 16/53 MP: 5/5
  2358 | D:4      | Killed Dowan
  2401 | D:4      | Found Urhoukh's General Store.
  3003 | D:4      | Reached skill level 5 in Maces & Flails
  3336 | D:4      | Reached XP level 7. HP: 38/60 MP: 6/6
  3528 | D:4      | Noticed QuCean's ghost (amateur TrMo)
  3556 | D:4      | HP: 3/60 [QuCean's ghost (12)]
  3560 | D:4      | Slain by QuCean's ghost

Skill      XL: |  1  2  3  4  5  6 |
---------------+-------------------+-----
Shields        | 4 5 |  5.5
Fighting       | 4 |  4.6
Maces & Flails | 3 4 5 |  5.5
Armour         | 4 5 |  5.7
Dodging        | 1 2 |  2.2
Stealth        | |  0.1

Action                   |  1- 3 |  4- 6 |  7- 9 || total
-------------------------+-------+-------+-------++-------
Melee: Flail             |    90 |   152 |    33 ||   275
       Headbutt          |    14 |    28 |     5 ||    47
  Use: Scroll            |     1 |     4 |       ||     5
  Eat: Chunk             |     1 |     2 |       ||     3
       Bread ration      |       |     2 |       ||     2
Armor: Scale mail        |    68 |    79 |     5 ||   152
Dodge: Dodged            |    29 |    56 |     6 ||    91
Block: Shield            |    63 |    86 |    19 ||   168
